 Dungeon Crawl Stone Soup version 0.18-b1-14-g029dad2 (webtiles) character file.

62 shmeve the Skirmisher (level 3, -8/34 HPs)
             Began as a Minotaur Berserker on May 1, 2016.
             Was a Believer of Trog.
             Killed from afar by Natasha (10 damage)
             ... with a magic dart
             ... on level 2 of the Dungeon.
             The game lasted 00:05:13 (1581 turns).

shmeve the Skirmisher (Minotaur Berserker)          Turns: 1581, Time: 00:05:13

Health: -8/34      AC:  2    Str: 26    XL:     3   Next: 85%
Magic:  2/2        EV: 12    Int:  4    God:    Trog [**....]
Gold:   142        SH:  0    Dex:  9    Spells: 0 memorised, 2 levels left

rFire  . . .     SeeInvis .     a - +0 hand axe
rCold  . . .     Gourm    .     b - +0 animal skin
rNeg   . . .     Faith    .     (no shield)
rPois  .         Spirit   .     (helmet restricted)
rElec  .         Dismiss  .     (no cloak)
rCorr  .         Reflect  .     (no gloves)
SustAt .         Harm     .     (no boots)
MR     .....                    (no amulet)
Stlth  +.........               (no ring)
                                g - +4 ring of strength

@: slowed, very slow, not resistant to hostile enchantments, very unstealthy
A: retaliatory headbutt, horns 2
a: Berserk, Trog's Hand, Burn Spellbooks, Renounce Religion


You were on level 2 of the Dungeon.
You worshipped Trog.
Trog was pleased with you.
You were not hungry.

You visited 1 branch of the dungeon, and saw 2 of its levels.

You collected 142 gold pieces.

Inventory:

Hand Weapons
 a - a +0 hand axe (weapon)
Armour
 b - a +0 animal skin (worn)
Jewellery
 g - a +4 ring of strength (left hand)
Wands
 n - a wand of teleportation (4/9)
Scrolls
 h - 4 scrolls of identify {unknown}
 j - a scroll of blinking {unknown}
 l - a scroll of random uselessness {unknown}
 m - a scroll of recharging {unknown}
 o - a scroll of amnesia {unknown}
Potions
 d - a potion of cancellation {unknown}
 e - a potion of haste {unknown}
 i - 3 potions of heal wounds {unknown}
 k - a potion of magic {unknown}
Comestibles
 c - 2 bread rations
 f - a slice of pizza


   Skills:
 * Level 4.3 Fighting
 * Level 4.2 Axes
 + Level 1.0 Throwing
 + Level 3.1 Armour
 + Level 2.6 Dodging


You had 2 spell levels left.
You didn't know any spells.

Dungeon Overview and Level Annotations

Branches:
Dungeon (2/15)

Altars:
Yredelemnul

Annotations:
D:2 Natasha


Innate Abilities, Weirdness & Mutations

You reflexively headbutt those who attack you in melee.
You have a pair of horns on your head.


Message History

You feel as though you will be slow longer.
Found a scroll labeled DUPIRPHU PESTI.
Natasha barely misses you.
Found a stone staircase leading up.
You hit Natasha. Your headbutt misses Natasha.
Natasha is moderately wounded.
Natasha stares at you and mumbles some strange words.
The magic dart hits you! Natasha closely misses you.
You miss Natasha. Your headbutt misses Natasha.
Natasha is moderately wounded.
Natasha claws you.
You closely miss Natasha. You headbutt Natasha.
Natasha is heavily wounded.
Natasha claws you! x2
* * * LOW HITPOINT WARNING * * *
You hit Natasha.
Natasha is severely wounded.
Natasha stares at you and mumbles some strange words.
The magic dart hits you!
You die...

##................#
###.....>.......#####
####................###
.....####.###.#.###...#
###......(......<.....#
####.#####..#..###..###
.....# ##......##.#
.##### ####......# ##
###@#....# #
#...h...... #
#.......... #<.........
#.......... #.......>..
#........?. #.........#


You could see Natasha.

Vanquished Creatures
  Ijyb (D:2)
  A worm (D:2)
  3 dart slugs
  A giant gecko (D:1)
  4 bats (D:1)
  A giant cockroach (D:1)
  2 goblins
  3 hobgoblins
  3 kobolds
  A ball python (D:2)
  2 giant newts (D:1)
  7 rats
29 creatures vanquished.

Notes
Turn   | Place    | Note
--------------------------------------------------------------
     0 | D:1      | shmeve the Minotaur Berserker began the quest for the Orb.
     0 | D:1      | Reached XP level 1. HP: 19/19 MP: 0/0
   106 | D:1      | Reached XP level 2. HP: 27/27 MP: 1/1
   899 | D:2      | Reached ** piety under Trog
   899 | D:2      | Reached XP level 3. HP: 17/33 MP: 2/2
  1075 | D:2      | Noticed Ijyb
  1088 | D:2      | Killed Ijyb
  1088 | D:2      | Reached skill level 1 in Throwing
  1464 | D:2      | Found a basalt altar of Yredelemnul.
  1574 | D:2      | Noticed Natasha
  1581 | D:2      | Killed from afar by Natasha

Skill      XL: |  1  2  3 |
---------------+----------+-----
Fighting       | 4 |  4.3
Axes           | 4 |  4.2
Throwing       | 1 |  1.0
Armour         | 3 |  3.1
Dodging        | |  2.6

Action                   || total
-------------------------++-------
Melee: Hand axe          ||    63
       Headbutt          ||    15
Invok: Berserk           ||     1
       Trog's Hand       ||     1
  Eat: Chunk             ||     3
Armor: Animal skin       ||     9
Dodge: Dodged            ||    31
